 Dungeon Crawl Stone Soup version 0.29-a0-512-gf59ac788ac (webtiles) character file.

Game seed: 6461422351989598621

386827 Pelinal the Hand of Fortune (level 23, -44/202 (226) HPs)
             Began as a Hill Orc Fighter on May 29, 2022.
             Was the Champion of Nemelex Xobeh.
             Killed from afar by a shadow dragon (51 damage)
             ... with a bolt of negative energy
             ... on level 5 of the Vaults on May 30, 2022.
             The game lasted 01:49:27 (49087 turns).

Pelinal the Hand of Fortune (Hill Orc Fighter)     Turns: 49087, Time: 01:49:28

HP:   -44/202 (226) AC: 55    Str: 27    XL:     23   Next: 1%
MP:   37/37         EV: 14    Int:  8    God:    Nemelex Xobeh [******]
Gold: 633           SH:  0    Dex: 16    Spells: 22/22 levels left

rFire   + . .      SeeInvis +   a - +5 broad axe (flame)
rCold   . . .      Faith    .   X - +2 kite shield {rPois}
rNeg    . . .      Spirit   .   W - +11 crystal plate armour "Ceqacer" {Contam rElec Str-3 Slay+5}
rPois   +          Reflect  .   H - +2 helmet of Ugottiqo {rElec rCorr}
rElec   +          Harm     .   s - +2 cloak
rCorr   +          Rampage  .   F - +4 pair of gloves "Evodiw" {rF+ SInv}
Will    +....                   J - +2 pair of boots {Stlth+}
Stlth   ..........              c - amulet of Vitality {Regen+ HP+15}
HPRegen 1.23/turn               Z - +4 ring of evasion
MPRegen 0.25/turn               G - +6 ring of strength

@: confused, mighty, silenced, ambrosia-drunk, marked, hasted, heavily drained,
invisible, very quick
A: no striking features
}: 2/15 runes: decaying, serpentine
a: Renounce Religion


You were on level 5 of the Vaults.
You worshipped Nemelex Xobeh.
Nemelex Xobeh was exalted by your worship.
You visited 7 branches of the dungeon, and saw 37 of its levels.

You collected 4316 gold pieces.
You spent 3683 gold pieces at shops.

Inventory:

Hand Weapons
 a - a +5 broad axe of flaming (weapon)
Missiles
 r - 29 poisoned darts (quivered)
Armour
 s - a +2 cloak (worn)
 F - the +4 pair of gloves "Evodiw" (worn) {rF+ SInv}
   (You found it on level 6 of the Lair of Beasts)

   rF:        It protects you from fire.
   SInv:      It lets you see invisible.
 H - the +2 helmet of Ugottiqo (worn) {rElec rCorr}
   (You acquired it on level 4 of the Snake Pit)

   rElec:     It insulates you from electricity.
   rCorr:     It protects you from acid and corrosion.
 J - a +2 pair of boots of stealth (worn)
 W - the +11 crystal plate armour "Ceqacer" (worn) {Contam rElec Str-3 Slay+5}
   (You acquired it on level 4 of the Swamp)

   Str:       It affects your strength (-3).
   Slay:      It affects your accuracy & damage with ranged weapons and melee
   (+5).
   rElec:     It insulates you from electricity.
   Contam:    It causes magical contamination when unequipped.
 X - a +2 kite shield of poison resistance (worn)
Jewellery
 c - the amulet of Vitality (around neck) {Regen+ HP+15}
   (You bought it in a shop on level 2 of the Orcish Mines)

   [amulet of regeneration]

   HP:        It affects your health (+15).
   Regen:     It increases your rate of health regeneration.
 o - a ring of poison resistance
 G - a +6 ring of strength (right hand)
 O - a +4 ring of evasion
 P - an amulet of the acrobat
 T - a ring of protection from fire
 Z - a +4 ring of evasion (left hand)
Wands
 v - a wand of acid (19)
 x - a wand of iceblast (8)
 y - a wand of paralysis (21)
 C - a wand of flame (39)
 N - a wand of digging (5)
Scrolls
 b - a scroll of enchant weapon
 e - 4 scrolls of summoning
 g - 4 scrolls of fog
 h - 5 scrolls of amnesia
 j - 15 scrolls of teleportation
 k - 7 scrolls of vulnerability
 p - 9 scrolls of poison
 q - 9 scrolls of immolation
 D - 3 scrolls of fear
 E - 4 scrolls of enchant armour
 I - 7 scrolls of magic mapping
 K - 2 scrolls of blinking
 L - 3 scrolls of silence
 R - 3 scrolls of torment
 S - 3 scrolls of brand weapon
Potions
 d - 6 potions of might
 f - 4 potions of cancellation
 i - 11 potions of attraction
 l - 6 potions of flight
 m - a potion of magic
 t - 2 potions of resistance
 u - 4 potions of lignification
 z - 4 potions of berserk rage
 A - 9 potions of mutation
 B - 12 potions of curing
 M - 3 potions of invisibility
 Q - 4 potions of brilliance
 U - 2 potions of ambrosia
Miscellaneous
 n - a tin of tremorstones (1/2)
 Y - a box of beasts


   Skills:
 + Level 18.8 Fighting
 - Level 18.0 Axes
 - Level 6.0 Throwing
 + Level 20.3 Armour
 + Level 10.1 Dodging
 + Level 17.4 Shields
 - Level 21.3 Invocations
 - Level 13.0 Evocations


You had 22 spell levels left.
You didn't know any spells.
Your spell library contained the following spells:

 Spells                   Type           Power      Damage    Failure   Level
 Apportation              Tloc           0%         N/A       100%        1
 Beastly Appendage        Tmut           0%         N/A       100%        1
 Freeze                   Ice            0%         1d3       100%        1
 Sandblast                Erth           0%         2d4       100%        1
 Shock                    Conj/Air       0%         1d3       100%        1
 Slow                     Hex            0%         N/A       100%        1
 Summon Small Mammal      Summ           0%         N/A       100%        1
 Ensorcelled Hibernation  Hex/Ice        0%         N/A       100%        2
 Passwall                 Tmut/Erth      0%         N/A       100%        2
 Static Discharge         Conj/Air       0%         N/A       100%        2
 Sublimation of Blood     Necr           0%         N/A       100%        2
 Wereblood                Tmut           0%         N/A       100%        2
 Call Canine Familiar     Summ           0%         N/A       100%        3
 Confusing Touch          Hex            0%         N/A       100%        3
 Conjure Flame            Conj/Fire      0%         6-21      100%        3
 Dazzling Flash           Conj/Hex       0%         N/A       100%        3
 Frozen Ramparts          Ice            0%         1d2       100%        3
 Ignite Poison            Fire/Tmut/Pois 0%         N/A       100%        3
 Spider Form              Tmut/Pois      0%         N/A       100%        3
 Stone Arrow              Conj/Erth      0%         3d7       100%        3
 Summon Guardian Golem    Hex/Summ       0%         N/A       100%        3
 Swiftness                Air            0%         N/A       100%        3
 Vampiric Draining        Necr           0%         2d6       100%        3
 Airstrike                Air            0%         N/A       100%        4
 Anguish                  Hex/Necr       0%         N/A       100%        4
 Animate Armour           Summ/Erth      0%         N/A       100%        4
 Animate Dead             Necr           0%         N/A       100%        4
 Cause Fear               Hex            0%         N/A       100%        4
 Corpse Rot               Necr/Pois/Air  0%         N/A       100%        4
 Dispel Undead            Necr           0%         3d6       100%        4
 Fulminant Prism          Conj/Hex       0%         3d6       100%        4
 Hailstorm                Conj/Ice       0%         3d3       100%        4
 Iskenderun's Mystic Bla  Conj/Tloc      0%         2d3       100%        4
 Passage of Golubria      Tloc           0%         N/A       100%        4
 Petrify                  Tmut/Erth      0%         N/A       100%        4
 Sticky Flame             Conj/Fire      0%         2d3       100%        4
 Summon Ice Beast         Ice/Summ       0%         N/A       100%        4
 Summon Lightning Spire   Summ/Air       0%         N/A       100%        4
 Agony                    Necr           0%         N/A       100%        5
 Alistair's Intoxication  Tmut/Pois      0%         N/A       100%        5
 Blade Hands              Tmut           0%         N/A       100%        5
 Borgnjor's Vile Clutch   Necr/Erth      0%         N/A       100%        5
 Irradiate                Conj/Tmut      0%         3d13      100%        5
 Lee's Rapid Deconstruct  Erth           0%         3d5*      100%        5
 Lightning Bolt           Conj/Air       0%         1d11      100%        5
 Silence                  Hex/Air        0%         N/A       100%        5
 Summon Mana Viper        Hex/Summ       0%         N/A       100%        5
 Death Channel            Necr           0%         N/A       100%        6
 Dispersal                Tloc           0%         N/A       100%        6
 Iron Shot                Conj/Erth      0%         9d1       100%        6
 Dragon Form              Tmut           0%         N/A       100%        7
 Monstrous Menagerie      Summ           0%         N/A       100%        7
 Summon Hydra             Summ           0%         N/A       100%        7
 Disjunction              Tloc           0%         N/A       100%        8
 Lehudib's Crystal Spear  Conj/Erth      0%         10d2      100%        8
 Dragon's Call            Summ           0%         N/A       100%        9


Dungeon Overview and Level Annotations

Branches:
Dungeon (15/15)            Temple (1/1) D:4            Lair (6/6) D:9
  Swamp (4/4) Lair:2        Snake (4/4) Lair:4        Slime (0/5) Lair:5
    Orc (2/2) D:11            Elf (0/3) Orc:2        Vaults (5/5) D:13
  Crypt (0/3) Vaults:2     Depths (0/4) D:15

Altars:
Ashenzari
Cheibriados
Dithmenos
Elyvilon
Fedhas
Gozag
Hepliaklqana
Kikubaaqudgha
Makhleb
Nemelex Xobeh
Okawaru
Qazlal
Ru
Sif Muna
Trog
Uskayaw
Vehumet
Wu Jian
Xom
Yredelemnul
Zin
The Shining One
Jiyva
Lugonu

Shops:
D:11 ?   Orc:1 !   Orc:2 =[(!   Snake:4 [?   Vaults:2 **   Vaults:3 ?

Portals:
Abyss: Lair:6

Annotations:
D:7 1 runed translucent door, Crazy Yiuf
D:10 Erolcha
Snake:2 6 transporters
Vaults:2 3 runed translucent doors, exclusion: obsidian statue, Ladeyfunk's ghost, adept DsBe


Message History

The tengu reaver closely misses you.
The tentacled monstrosity closely misses you.
The tentacled monstrosity tentacle-slaps you but does no damage.
The tentacled monstrosity completely misses you.
The tentacled monstrosity constricts you.
* * * LOW HITPOINT WARNING * * *
The shadow dragon breathes negative energy at you.
The bolt of negative energy hits the shadow dragon.
The shadow dragon completely resists.
The bolt of negative energy misses you. The shadow dragon closely misses you.
The shadow dragon claws you but does no damage.
The shadow dragon misses you.
The vault warden hits you but does no damage.
Unknown command.
Unknown command.
Unknown command.
Unknown command.
Unknown command.
Unknown command.
Unknown command.
You chop the tentacled monstrosity into pieces!!!
You burn the tentacled monstrosity!
You kill the tentacled monstrosity!
You slash the shadow dragon! You burn the shadow dragon.
You miss the tengu reaver.
A tyrant leech comes into view.
The tengu reaver hits you but does no damage.
The tengu reaver pecks you but does no damage.
The tengu reaver claws you but does no damage.
Unknown command.
Unknown command.
Unknown command.
Unknown command.
You bump into the heavily etched metal wall.
The deep elf demonologist casts a spell.
The vault warden misses you.
The shadow dragon breathes negative energy at you.
The bolt of negative energy hits you!!!
You feel drained.
You die...
Your body glows with a rainbow of weird colours and disappears.

.# #..#.# ..#.# # ##.#.#
.# ##C2..# .# ##Deo2.#..#
# ###DQpp.#..#
#!#@D.DC...#
####################XDw.#
.............°.2.p†Q)p..#
.......$....†e..D...L1).#
..D.........§C.X...)Dop.#
................B..)D)..#
####################o...#
))...# . .)#..#


You could see 3 shadow dragons, a tentacled monstrosity, 2 golden dragons, a
frost giant, a fire giant, 2 vault wardens, a tengu reaver, a lorocyproca
(summoned, invisible), a tyrant leech (can't see you), a deep elf demonologist,
a hellion (summoned, can't see you) and an orc warrior (can't see you).

Vanquished Creatures
  A dread lich (Vaults:5)
  A golden dragon (Vaults:5)
  An iron giant (Swamp:4)
  An Ice Fiend (Swamp:4)
  4 tentacled monstrosities
  2 liches (Vaults:5)
  Asterion (Vaults:2)
  3 titans
  2 ancient champions (Vaults:2)
  An acid blob (Vaults:2)
  5 sphinxes
  8 thorn hunters
  A storm dragon (Vaults:5)
  2 tengu reavers
  4 fenstrider witches
  A fire giant (Vaults:3)
  8 nagarajas
  A deep elf sorcerer (Vaults:5)
  12 vault wardens
  Aizul (Snake:4)
  12 ironbound preservers
  A ghoul (Swamp:4)
  A reaper (Swamp:4)
  A vampire knight (Vaults:2)
  A stone giant (Vaults:5)
  2 war gargoyles
  A very ugly thing (Vaults:2)
  An eleionoma (Vaults:2)
  6 ironbound thunderhulks
  9 dire elephants
  3 bunyips
  3 entropy weavers
  Snorg (D:14)
  2 minotaurs
  6 ettins
  A green death (Swamp:4)
  2 shambling mangroves
  5 great orbs of eyes
  11 yaktaur captains
  2 deep elf high priests
  27 vault guards
  4 salamander tyrants (Snake:4)
  6 anacondas
  6 boulder beetles
  2 ghost crabs
  3 ironbound frosthearts
  16 hydras
  2 catoblepae
  A satyr (Lair:6)
  12 alligators
  15 naga warriors
  A dancing weapon (Vaults:5)
  4 ogre magi
  12 two-headed ogres
  3 death yaks (Lair:6)
  16 centaur warriors
  3 tengu warriors
  A thrashing horror (Lair:6)
  11 naga sharpshooters
  A soul eater (Swamp:4)
  8 shock serpents
  A skeletal warrior (D:15)
  A hell knight (Vaults:5)
  7 salamander mystics
  A sixfirhy (Swamp:4)
  A large abomination (Lair:5)
  A glowing orange brain (Vaults:4)
  6 spriggan druids
  An iron troll (Vaults:4)
  5 goliath frogs
  A sea snake (shapeshifter) (Vaults:4)
  39 deep trolls
  A shadow wraith (Vaults:5)
  2 naga ritualists
  A spark wasp zombie (D:15)
  5 bog bodies
  4 swamp dragons
  An orb spider (shapeshifter) (Vaults:2)
  19 wizards
  10 ironbound convokers
  2 orc knights
  A sphinx zombie (D:15)
  A lindwurm (shapeshifter) (Vaults:2)
  A deep elf pyromancer (Swamp:4)
  10 lindwurms
  6 necromancers
  2 human zombies
  3 mana vipers
  41 ugly things
  2 will-o-the-wisps
  2 stone giant zombies
  An orc sorcerer (Orc:1)
  3 wolf spiders
  2 manticores
  5 cyclopes
  An iron dragon skeleton (D:15)
  13 salamanders
  16 black mambas
  5 guardian serpents
  11 vault sentinels
  3 elephants (Lair:5)
  An elf skeleton (Vaults:4)
  2 orange demons (Swamp:4)
  2 torpor snails (Lair:6)
  6 naga magi
  A smoke demon (Lair:6)
  15 cane toads
  9 komodo dragons
  An unseen horror (shapeshifter) (D:13)
  2 kobold demonologists
  Maggie (D:10)
  A freezing wraith (Vaults:5)
  A komodo dragon (shapeshifter) (Vaults:5)
  3 unseen horrors
  6 tengu conjurers
  37 yaktaurs
  2 human skeletons
  3 hellwings (Swamp:4)
  A guardian mummy (D:15)
  2 ancient zymes (Lair:6)
  7 tyrant leeches
  A meliai (D:15)
  2 tarantellas
  A bloated husk (Swamp:2)
  3 polar bears (Lair:6)
  7 trolls
  A raiju (Snake:1)
  19 slime creatures
  7 hornets
  A stone giant simulacrum (Vaults:4)
  37 blink frogs
  A frost giant simulacrum (Vaults:3)
  A shadow (D:6)
  A centaur simulacrum (D:15)
  8 wyverns
  3 ynoxinuls (Lair:6)
  An ettin skeleton (Vaults:4)
  8 spriggans
  2 wraiths
  40 yaks
  6 hogs (Lair:4)
  13 small abominations (Lair:6)
  A vampire (D:14)
  A neqoxec (Swamp:4)
  4 steam dragons
  4 chaos spawn
  3 redbacks (Vaults:4)
  16 vampire mosquitoes
  4 basilisks
  A warg (Orc:1)
  A glowing shapeshifter zombie (Vaults:3)
  2 acid dragons
  20 water moccasins
  9 swamp worms
  30 nagas
  An acid dragon (shapeshifter) (D:15)
  A glowing shapeshifter skeleton (Vaults:4)
  2 swamp drakes
  5 sky beasts
  19 orc warriors
  3 black bears
  2 meliai simulacra
  14 ogres
  A tengu (Snake:1)
  9 wolves
  17 centaurs
  11 bullfrogs
  2 kobold brigands
  2 necrophages
  A gnoll sergeant (D:9)
  3 scorpions
  3 wights (D:9)
  3 killer bees (D:9)
  9 howler monkeys
  2 electric eels
  A jelly (D:7)
  16 orc priests
  4 iguanas
  Natasha (twice) (D:3)
  21 orc wizards
  10 gnolls
  6 adders
  A white imp (D:6)
  An ufetubus (D:5)
  2 worms
  2 dart slugs (D:4)
  78 orcs
  5 ball pythons
  6 bats
  4 endoplasms
  4 giant cockroaches
  3 goblins (D:3)
  8 hobgoblins
  4 jackals
  3 quokkas
  2 frilled lizards
  22 kobolds
  8 rats
  15 briar patches
1223 creatures vanquished.

Vanquished Creatures (collateral kills)
  A tentacled monstrosity (Vaults:5)
  A sphinx (Vaults:2)
  Kirke (Lair:4)
  A tengu reaver (Vaults:4)
  Donald (Orc:2)
  An orc warlord (Orc:2)
  2 nagarajas
  2 ironbound preservers (Vaults:2)
  An ironbound thunderhulk (Vaults:1)
  An eleionoma (Vaults:2)
  An entropy weaver (Vaults:1)
  A vault guard (Vaults:5)
  A centaur warrior (Vaults:2)
  A salamander tyrant (Snake:4)
  3 anacondas
  2 ogre magi (Orc:2)
  2 death yaks (Lair:6)
  2 tengu warriors (D:15)
  2 naga warriors (Snake:4)
  An alligator snapping turtle (Swamp:4)
  7 two-headed ogres
  A deep troll earth mage (Vaults:5)
  A vampire mage (D:15)
  A shock serpent (Snake:4)
  2 naga sharpshooters (Snake:3)
  2 thrashing horrors (Lair:6)
  2 salamander mystics
  4 deep trolls
  A naga ritualist (Snake:4)
  An ironbound convoker (Vaults:2)
  A lindwurm (Snake:1)
  4 ugly things (D:15)
  A cyclops (Orc:2)
  7 salamanders
  A naga mage (Snake:3)
  2 guardian serpents
  3 elephants (Lair:5)
  6 black mambas
  A smoke demon (Lair:6)
  2 cane toads (Lair:6)
  A torpor snail (Lair:5)
  A rime drake (Lair:6)
  5 trolls (Orc:2)
  2 meliai (D:15)
  A slime creature (D:15)
  A large abomination (Lair:6)
  4 blink frogs (Lair:4)
  A yak (Lair:5)
  2 hogs
  A basilisk (Lair:6)
  3 nagas
  2 wargs
  A water moccasin (Lair:6)
  5 orc warriors
  A black bear (D:9)
  A floating eye zombie (D:15)
  13 ogres
  An orc priest (Orc:2)
  2 orc wizards
  A gnoll (Orc:2)
  10 orcs
137 creatures vanquished.

Vanquished Creatures (others)
  An ironbound preserver (Vaults:5)
  A hydra (Swamp:3)
  A centaur warrior (Vaults:2)
  An ogre mage (Swamp:4)
  An alligator (Swamp:2)
  2 deep trolls (Vaults:5)
  A manticore (D:15)
  7 bloated husks
  A chaos spawn (Swamp:4)
  4 briar patches (Swamp:4)
  10 foxfires
  38 fungi
  39 plants
  5 withered plants (D:15)
112 creatures vanquished.

Grand Total: 1472 creatures vanquished

Notes
Turn   | Place    | Note
-------+----------+-------------------------------------------
     0 | D:1      | Pelinal the Hill Orc Fighter began the quest for the Orb.
     0 | D:1      | Reached XP level 1. HP: 19/19 MP: 1/1
   390 | D:1      | Reached XP level 2. HP: 25/26 MP: 2/2
  1619 | D:2      | Reached XP level 3. HP: 31/31 MP: 3/3
  1737 | D:2      | Reached skill level 5 in Axes
  2873 | D:3      | Reached XP level 4. HP: 38/39 MP: 4/4
  2969 | D:3      | Noticed Natasha
  2974 | D:3      | Killed Natasha
  3391 | D:3      | Noticed Natasha
  3399 | D:3      | Killed Natasha
  3400 | D:3      | Reached XP level 5. HP: 44/45 MP: 5/5
  3430 | D:3      | Found a faded altar of an unknown god.
  3953 | D:4      | Reached XP level 6. HP: 40/51 MP: 6/6
  4224 | D:4      | Found a staircase to the Ecumenical Temple.
  4235 | Temple   | Entered the Ecumenical Temple
  4300 | Temple   | Became a worshipper of Nemelex Xobeh the Trickster
  4672 | D:5      | Entered Level 5 of the Dungeon
  4683 | D:5      | Found a glowing silver altar of Zin.
  4779 | D:5      | Noticed a black bear
  4788 | D:5      | Killed a black bear
  4789 | D:5      | Reached skill level 1 in Invocations
  4789 | D:5      | Reached XP level 7. HP: 52/57 MP: 6/8
  4794 | D:5      | Reached skill level 2 in Invocations
  4928 | D:5      | Reached skill level 10 in Axes
  5184 | D:5      | Reached skill level 3 in Invocations
  5321 | D:5      | Found a sacrificial altar of Ru.
  5646 | D:6      | Reached * piety under Nemelex Xobeh
  5670 | D:6      | Noticed a shadow
  5692 | D:6      | Received a gift from Nemelex Xobeh
  5764 | D:6      | Reached skill level 4 in Invocations
  5764 | D:6      | Reached XP level 8. HP: 52/64 MP: 9/11
  5833 | D:6      | Killed a shadow
  5952 | D:6      | Found a shimmering altar of Xom.
  5953 | D:6      | Found a hazy altar of Hepliaklqana.
  5954 | D:6      | Noticed a spectral ugly thing
  6280 | D:7      | Reached skill level 5 in Invocations
  6788 | D:7      | Found a runed translucent door.
  6790 | D:7      | Noticed Crazy Yiuf
  7487 | D:8      | Identified the +4 war axe "Siegh" {venom, rPois rCorr Int+4
                  | Stlth+}
  7624 | D:8      | Noticed a hornet
  7630 | D:8      | Killed a hornet
  7631 | D:8      | Reached skill level 6 in Invocations
  7645 | D:8      | Reached XP level 9. HP: 60/70 MP: 13/13
  7845 | D:8      | Found a burning altar of Makhleb.
  8073 | D:8      | Reached ** piety under Nemelex Xobeh
  8168 | D:8      | Reached skill level 7 in Invocations
  8955 | D:9      | Reached skill level 8 in Invocations
  9181 | D:9      | Noticed a troll
  9192 | D:9      | Killed a troll
  9193 | D:9      | Reached skill level 1 in Dodging
  9325 | D:8      | Reached skill level 1 in Throwing
  9591 | D:9      | Reached XP level 10. HP: 63/80 MP: 16/16
  9948 | D:9      | Reached skill level 1 in Evocations
 10061 | D:9      | Found a broken altar of Ashenzari.
 10315 | D:9      | Reached skill level 5 in Throwing
 10625 | D:9      | Found a staircase to the Lair.
 10872 | D:10     | Entered Level 10 of the Dungeon
 11029 | D:10     | Reached skill level 5 in Evocations
 11031 | D:10     | Noticed a two-headed ogre
 11042 | D:10     | Killed a two-headed ogre
 11043 | D:10     | Reached skill level 5 in Fighting
 11043 | D:10     | Reached XP level 11. HP: 52/86 MP: 17/17
 11256 | D:10     | Noticed Maggie
 11272 | D:10     | Killed Maggie
 11531 | D:10     | Noticed Erolcha
 11659 | Lair:1   | Entered Level 1 of the Lair of Beasts
 11758 | Lair:1   | Reached skill level 5 in Armour
 11758 | Lair:1   | Reached skill level 5 in Shields
 11815 | Lair:1   | Reached *** piety under Nemelex Xobeh
 11815 | Lair:1   | Received a gift from Nemelex Xobeh
 13219 | Lair:2   | Received a gift from Nemelex Xobeh
 13504 | Lair:2   | Reached **** piety under Nemelex Xobeh
 13842 | Lair:2   | Noticed a bog body
 13853 | Lair:2   | Killed a bog body
 14176 | Lair:2   | Found a staircase to the Swamp.
 14176 | Lair:2   | Noticed a bog body
 14814 | Lair:3   | Received a gift from Nemelex Xobeh
 14953 | Lair:3   | Reached XP level 12. HP: 101/101 MP: 18/18
 15293 | Lair:3   | Received a gift from Nemelex Xobeh
 15388 | Lair:3   | Found a runed translucent door.
 15545 | Lair:3   | Noticed a minotaur
 15568 | Lair:3   | Killed a minotaur
 16539 | Lair:4   | Reached skill level 5 in Dodging
 17114 | Lair:4   | Noticed Kirke
 17246 | Lair:4   | Received a gift from Nemelex Xobeh
 17445 | Lair:4   | Found a staircase to the Snake Pit.
 17512 | Lair:4   | Killed Kirke
 17829 | Lair:4   | Reached skill level 10 in Fighting
 18186 | Lair:5   | Reached ***** piety under Nemelex Xobeh
 18186 | Lair:5   | Received a gift from Nemelex Xobeh
 18191 | Lair:5   | Noticed a seven-headed hydra
 18193 | Lair:5   | a seven-headed hydra changed into a wolf spider
 18525 | Lair:5   | Reached XP level 13. HP: 113/113 MP: 19/19
 18674 | Lair:5   | Reached skill level 10 in Shields
 18745 | Lair:5   | Reached skill level 10 in Armour
 18749 | Lair:5   | Found a staircase to the Slime Pits.
 18749 | Lair:5   | Found a viscous altar of Jiyva.
 18782 | Lair:5   | Received a gift from Nemelex Xobeh
 18966 | Lair:5   | Reached skill level 9 in Invocations
 19208 | Lair:5   | Reached skill level 10 in Invocations
 20258 | Lair:6   | Entered Level 6 of the Lair of Beasts
 21115 | Lair:6   | Received a gift from Nemelex Xobeh
 21119 | Lair:6   | Reached skill level 11 in Invocations
 21720 | Lair:6   | Reached skill level 12 in Invocations
 22101 | Lair:6   | Reached XP level 14. HP: 101/121 MP: 23/23
 22641 | Lair:6   | Reached skill level 13 in Invocations
 23023 | Lair:6   | Reached skill level 15 in Axes
 24514 | Lair:6   | Identified the +4 pair of gloves "Evodiw" {rF+ SInv}
 25047 | Lair:6   | Reached skill level 14 in Invocations
 25085 | Lair:6   | Found a corrupted altar of Lugonu.
 25085 | Lair:6   | Found a one-way gate to the infinite horrors of the Abyss.
 25874 | D:11     | Found Ybbell's Magic Scroll Shoppe.
 25886 | D:11     | Bought a scroll of identify for 22 gold pieces
 25886 | D:11     | Bought a scroll of enchant armour for 82 gold pieces
 25886 | D:11     | Bought a scroll of identify for 22 gold pieces
 26064 | D:11     | Received a gift from Nemelex Xobeh
 26495 | D:11     | Received a gift from Nemelex Xobeh
 26699 | D:11     | Identified the -2 quarterstaff of the Disbelieving Tiger
                  | {venom, Drain rC+ rN+ Str+4}
 27114 | D:11     | Found a staircase to the Orcish Mines.
 27164 | Orc:1    | Entered Level 1 of the Orcish Mines
 27164 | Orc:1    | Received a gift from Nemelex Xobeh
 27259 | Orc:1    | Found a burning altar of Makhleb.
 27847 | Orc:2    | Entered Level 2 of the Orcish Mines
 27863 | Orc:2    | Noticed Donald
 27887 | Orc:2    | Killed Donald
 27893 | Orc:2    | Reached XP level 15. HP: 88/128 MP: 25/25
 28071 | Orc:1    | Received a gift from Nemelex Xobeh
 28166 | Orc:1    | Found Fuotsil's Distillery.
 28175 | Orc:1    | Bought a potion of curing for 42 gold pieces
 28175 | Orc:1    | Bought a potion of heal wounds for 70 gold pieces
 28175 | Orc:1    | Bought 3 potions of curing for 126 gold pieces
 28175 | Orc:1    | Bought a potion of lignification for 42 gold pieces
 28175 | Orc:1    | Bought a potion of berserk rage for 70 gold pieces
 28437 | Orc:2    | Reached skill level 15 in Invocations
 28460 | Orc:2    | Reached skill level 15 in Armour
 28460 | Orc:2    | Found Julumno's Armour Boutique.
 28462 | Orc:2    | Found Kofeu's Distillery.
 28476 | Orc:2    | Found Woug's Jewellery Emporium.
 28477 | Orc:2    | Bought a +2 plate armour of willpower for 640 gold pieces
 28845 | Orc:2    | Bought a potion of degeneration for 14 gold pieces
 28852 | Orc:2    | Found Duosatik's Antique Weapon Boutique.
 29020 | Orc:2    | Noticed an orc warlord
 29039 | Orc:2    | Killed an orc warlord
 29170 | Orc:2    | Bought the amulet of Vitality {Regen+ HP+15} for 869 gold
                  | pieces
 29170 | Orc:2    | Found the amulet of Vitality {Regen+ HP+15}
 29348 | Orc:2    | Found a staircase to the Elven Halls.
 29466 | D:12     | Received a gift from Nemelex Xobeh
 29900 | D:12     | Reached ****** piety under Nemelex Xobeh
 30054 | D:12     | Received a gift from Nemelex Xobeh
 30542 | D:13     | Found a gate to the Vaults.
 31123 | D:14     | Received a gift from Nemelex Xobeh
 31258 | D:14     | Noticed Snorg
 31272 | D:14     | Killed Snorg
 31518 | D:14     | Received a gift from Nemelex Xobeh
 31770 | Orc:2    | Bought a +2 pair of boots of stealth for 344 gold pieces
 31933 | D:15     | Entered Level 15 of the Dungeon
 32167 | D:15     | Reached XP level 16. HP: 122/138 MP: 27/27
 32278 | D:15     | Found a staircase to the Depths.
 32540 | D:15     | Reached skill level 16 in Invocations
 32803 | D:15     | Received a gift from Nemelex Xobeh
 33810 | Snake:1  | Entered Level 1 of the Snake Pit
 34118 | Snake:1  | Received a gift from Nemelex Xobeh
 34461 | Snake:1  | Received a gift from Nemelex Xobeh
 34998 | Snake:1  | Received a gift from Nemelex Xobeh
 35337 | Snake:2  | Found a transporter.
 35341 | Snake:2  | Found a transporter.
 35400 | Snake:2  | Noticed a nagaraja
 35412 | Snake:2  | Killed a nagaraja
 35413 | Snake:2  | Reached skill level 17 in Invocations
 35453 | Snake:2  | Received a gift from Nemelex Xobeh
 35522 | Snake:2  | Found a transporter.
 35527 | Snake:2  | Found a transporter.
 35542 | Snake:2  | Reached XP level 17. HP: 149/149 MP: 29/29
 35588 | Snake:2  | Found a transporter.
 35595 | Snake:2  | Found a transporter.
 36443 | Snake:3  | Received a gift from Nemelex Xobeh
 36761 | Snake:3  | Received a gift from Nemelex Xobeh
 37335 | Snake:4  | Entered Level 4 of the Snake Pit
 37424 | Snake:4  | Found Riwkoic's Antique Armour Shop.
 37432 | Snake:4  | Found Wyac's Jewellery Shop.
 37443 | Snake:4  | Received a gift from Nemelex Xobeh
 37460 | Snake:4  | Noticed Aizul
 37462 | Snake:4  | Killed Aizul
 37603 | Snake:4  | Identified the +2 long sword "Ego Roec" {distort, rC+
                  | Dex+4}
 37620 | Snake:4  | Reached skill level 18 in Invocations
 37819 | Snake:4  | Reached XP level 18. HP: 156/161 MP: 31/31
 38413 | Snake:4  | Got a serpentine rune of Zot
 38660 | Snake:4  | Found Onno Lal's Magic Scroll Emporium.
 38668 | Snake:4  | Bought 2 scrolls of enchant armour for 300 gold pieces
 38890 | Swamp:1  | Entered Level 1 of the Swamp
 38980 | Swamp:1  | Received a gift from Nemelex Xobeh
 39525 | Swamp:2  | Reached skill level 15 in Fighting
 39602 | Swamp:2  | Received a gift from Nemelex Xobeh
 39746 | Swamp:2  | Noticed a tentacled monstrosity
 39775 | Swamp:2  | Killed a tentacled monstrosity
 40449 | Swamp:3  | Received a gift from Nemelex Xobeh
 40590 | Swamp:3  | Reached skill level 19 in Invocations
 40931 | Swamp:4  | Entered Level 4 of the Swamp
 41173 | Swamp:4  | Noticed Bai Suzhen
 41175 | Swamp:4  | Noticed Bai Suzhen
 41175 | Swamp:4  | Bai Suzhen changed into Bai Suzhen the iron giant
 41182 | Swamp:4  | Killed Bai Suzhen the iron giant
 41385 | Swamp:4  | Identified a scroll of acquirement
 41392 | Swamp:4  | Acquired the +11 crystal plate armour "Ceqacer" {Contam
                  | rElec Str-3 Slay+5}
 41455 | Swamp:4  | Noticed a tentacled monstrosity
 41482 | Swamp:4  | Killed a tentacled monstrosity
 41539 | Swamp:4  | Noticed Mlioglotl
 41544 | Swamp:4  | Noticed Mlioglotl
 41544 | Swamp:4  | Mlioglotl changed into Mlioglotl the Ice Fiend
 41551 | Swamp:4  | Killed Mlioglotl the Ice Fiend
 41577 | Swamp:4  | Reached XP level 19. HP: 135/172 MP: 29/32
 41904 | Swamp:4  | Noticed a tentacled monstrosity
 41919 | Swamp:4  | Killed a tentacled monstrosity
 41998 | Swamp:4  | Got a decaying rune of Zot
 42669 | Vaults:1 | Entered Level 1 of the Vaults
 42680 | Vaults:1 | Reached skill level 15 in Shields
 42775 | Vaults:1 | Received a gift from Nemelex Xobeh
 43214 | Vaults:1 | Received a gift from Nemelex Xobeh
 43339 | Vaults:1 | Reached skill level 20 in Invocations
 44074 | Vaults:2 | Received a gift from Nemelex Xobeh
 44187 | Vaults:2 | Noticed Asterion
 44197 | Vaults:2 | Killed Asterion
 44222 | Vaults:2 | Found a huge runed gate.
 44222 | Vaults:2 | Found a huge runed gate.
 44222 | Vaults:2 | Found a huge runed gate.
 44222 | Vaults:2 | Found a huge runed gate.
 44222 | Vaults:2 | Found a huge runed gate.
 44222 | Vaults:2 | Found a huge runed gate.
 44223 | Vaults:2 | Found a huge runed gate.
 44223 | Vaults:2 | Found a huge runed gate.
 44223 | Vaults:2 | Found a huge runed gate.
 44223 | Vaults:2 | Found a huge runed gate.
 44223 | Vaults:2 | Found a huge runed gate.
 44224 | Vaults:2 | Found a huge runed gate.
 44225 | Vaults:2 | Found a huge runed gate.
 44226 | Vaults:2 | Found a huge runed gate.
 44227 | Vaults:2 | Found a huge runed gate.
 44228 | Vaults:2 | Found a huge runed gate.
 44236 | Vaults:2 | Found a huge runed gate.
 44236 | Vaults:2 | Found a huge runed gate.
 44236 | Vaults:2 | Found a huge runed gate.
 44236 | Vaults:2 | Found a huge runed gate.
 44236 | Vaults:2 | Found a huge runed gate.
 44236 | Vaults:2 | Found a huge runed gate.
 44237 | Vaults:2 | Found a huge runed gate.
 44239 | Vaults:2 | Found a huge runed gate.
 44240 | Vaults:2 | Found a huge runed gate.
 44248 | Vaults:2 | Found a huge runed gate.
 44248 | Vaults:2 | Found a huge runed gate.
 44248 | Vaults:2 | Found a huge runed gate.
 44248 | Vaults:2 | Found a huge runed gate.
 44248 | Vaults:2 | Found a huge runed gate.
 44248 | Vaults:2 | Found a huge runed gate.
 44249 | Vaults:2 | Found a huge runed gate.
 44250 | Vaults:2 | Found a huge runed gate.
 44251 | Vaults:2 | Found a huge runed gate.
 44259 | Vaults:2 | Found a huge runed gate.
 44259 | Vaults:2 | Found a huge runed gate.
 44273 | Vaults:2 | Noticed a golden dragon
 44279 | Vaults:2 | Paralysed by a sphinx for 4 turns
 44283 | Vaults:2 | a golden dragon changed into an acid blob
 44512 | Vaults:2 | Reached XP level 20. HP: 85/184 MP: 34/34
 44684 | Vaults:2 | Received a gift from Nemelex Xobeh
 44849 | Vaults:2 | Found Sualemem's Assorted Antiques.
 44853 | Vaults:2 | Reached XP level 21. HP: 192/192 MP: 35/35
 44873 | Vaults:2 | Found a runed translucent gate.
 44874 | Vaults:2 | Found a runed translucent gate.
 44874 | Vaults:2 | Found a runed translucent gate.
 44874 | Vaults:2 | Found an opulent altar of Gozag.
 44874 | Vaults:2 | Noticed Ladeyfunk's ghost (adept DsBe)
 44878 | Vaults:2 | Found Juciux's Assorted Antiques.
 45090 | Vaults:2 | Found a staircase to the Crypt.
 45249 | Vaults:2 | Reached skill level 21 in Invocations
 45681 | Snake:4  | Bought a scroll of acquirement for 1040 gold pieces
 45681 | Snake:4  | Acquired the +2 helmet of Ugottiqo {rElec rCorr}
 46092 | Vaults:3 | Found Ohiapt Erag's Magic Scroll Emporium.
 46253 | Vaults:3 | Received a gift from Nemelex Xobeh
 47236 | Vaults:4 | Received a gift from Nemelex Xobeh
 47255 | Vaults:4 | Reached skill level 10 in Evocations
 47412 | Vaults:4 | Received a gift from Nemelex Xobeh
 47444 | Vaults:4 | Reached XP level 22. HP: 201/201 MP: 36/36
 47462 | Vaults:4 | Paralysed by a sphinx for 5 turns
 47792 | Vaults:4 | Paralysed by a great orb of eyes for 3 turns
 48718 | Vaults:5 | Entered Level 5 of the Vaults
 48826 | Vaults:5 | Received a gift from Nemelex Xobeh
 49004 | Vaults:5 | Noticed a golden dragon
 49024 | Vaults:5 | Noticed a golden dragon
 49029 | Vaults:5 | Noticed a dread lich
 49041 | Vaults:5 | Noticed a golden dragon
 49042 | Vaults:5 | Killed a golden dragon
 49045 | Vaults:5 | Paralysed by a dread lich for 5 turns
 49067 | Vaults:5 | Reached skill level 10 in Dodging
 49069 | Vaults:5 | Killed a dread lich
 49078 | Vaults:5 | Reached XP level 23. HP: 76/211 MP: 29/37
 49085 | Vaults:5 | HP: 9/215 [tengu reaver/+2 vorpal great sword (7)]
 49085 | Vaults:5 | HP: 1/215 [constriction (6)]
 49087 | Vaults:5 | Killed from afar by a shadow dragon

Illustrated notes

Levels and vault maps discovered:
D:1:      dpeg_arrival_snail, layout_basic
D:2:      layout_loops_ring, serial_aquarium, aquarium_bridge_long_joined
          [aquarium_subvault_bridge, aquarium_subvault_wall,
          aquarium_subvault_window, aquarium_subvault_bridge,
          aquarium_subvault_balcony, aquarium_subvault_wall], aquarium_window_2,
          aquarium_window_fake, aquarium_window_fake, aquarium_view_2c,
          aquarium_balcony_3b, kennysheep_generic_room_5
D:3:      layout_basic, shapermc_ecumenical_altar_starsandcircs, uniq_natasha
D:4:      layout_loops_ring, minmay_temple_entry_junction_2, feat_on_display
D:5:      layout_loops_ring, nicolae_ru_sacrificial_ziggurat, zin_academy
D:6:      layout_basic, regret_index_temple_of_mockery
D:7:      layout_basic, serial_bayou_pond_d, uniq_crazy_yiuf_cottage
D:8:      layout_loops_cross, overflow_temple_1_default, special_room
          [special_room_orc], feat_on_display
D:9:      kennysheep_spiral_hall, layout_basic, nicolae_ashenzari_skybound,
          minmay_lair_entry_grove
D:10:     layout_loops_ring, uniq_erolcha, uniq_maggie
D:11:     layout_stronghold, david_orc_4, serial_shops,
          nicolae_shop_advertising_works [nicolae_subvault_shop_adworks]
D:12:     layout_roguey, hangedman_misty_isle
D:13:     layout_roguey, david_vaults_4, drop_trap
D:14:     layout_small_grid, kennysheep_small_spiral, st_stairs_5, uniq_snorg
D:15:     gammafunk_depths_entry_grave, layout_layer_cave,
          minmay_misc_feat_alley, minmay_between
Temple:   compressed_dpeg_circular_temple
Lair:1:   layout_layer_cave, serial_bayou_shore_a
Lair:2:   layout_chaotic_city, nicolae_swamp_entry_splash_gauntlet
Lair:3:   dreamdust_labyrinth, layout_layer_cave, lemuel_fruit_tree,
          serial_bayou_shore_b, grunt_megastairs_1
Lair:4:   layout_roguey, minmay_snake_entry_spellcaster, uniq_kirke
Lair:5:   layout_layer_cave, slime_altar_1, minmay_lindwurm_lava,
          serial_bayou_shore_b, serial_bayou_shore_b
Lair:6:   hellmonk_lair_end_abyssal_woods, layout_concentric_octagons,
          hangedman_lair_generics_rect, serial_bayou_shore_b,
          grunt_megastairs_4, lemuel_fruit_fields
Swamp:1:  layout_basic_swamp, nicolae_swamp_tree_isthmus, swamp_pool5
Swamp:2:  cheibrodos_swamp_monstrosity, layout_basic_swamp,
          evilmike_swamp_ruin_house_4, infiniplex_staircase_pool
Swamp:3:  layout_basic_swamp, evilmike_swamp_ruin_house_5
Swamp:4:  nzn_swamp_witches_coven, layout_basic_swamp, swamp_pool1,
          nicolae_swamp_catching_bugs, uniq_bai_suzhen, uniq_mlioglotl
Snake:1:  layout_layer_cave, hangedman_snake_corridor_split
Snake:2:  layout_cave_shapes, serial_nicolae_subway, nicolae_sub_station_stone,
          nicolae_sub_station_crystal, nicolae_sub_station_metal
Snake:3:  layout_gridlike, st_stairs_12
Snake:4:  grunt_snake_rune_pools, layout_onion, serial_shops, shop,
          minmay_shop_star, uniq_aizul
Orc:1:    layout_caves, serial_shops, shop_fountains, bloody_makhleb
Orc:2:    st_orc_open, layout_caves, uniq_donald
Vaults:1: ontoclasm_vaults_ring_small, st_lines, ontoclasm_vaults_shuriken,
          nicolae_vaults_theta, layout_vaults_quadrants
Vaults:2: ebering_ghost_gozag, nicolae_vaults_theta, v_alt_pattern_3,
          grunt_vaults_funnel, minmay_crypt_entry_simple_plaza, door_vault,
          v_misc_13, vaults_room_hallway, ontoclasm_vaults_twist,
          nicolae_vaults_little_ls, layout_vaults_big_room, serial_shops,
          shop_fountains, uniq_asterion
Vaults:3: v_rooms_1, ontoclasm_vaults_shout, vaults_room_pool, v_pattern_4,
          hangedman_vaults_trim, v_misc_4, nicolae_vaults_ring_of_whatevers,
          ontoclasm_vaults_eye, layout_vaults_ring, serial_shops, shop
Vaults:4: nicolae_vaults_rhombus_6, nicolae_vaults_network_quincunx
          [nicolae_vaults_network_quincunx_subvault,
          nicolae_vaults_network_quincunx_subvault,
          nicolae_vaults_network_quincunx_subvault,
          nicolae_vaults_network_quincunx_subvault,
          nicolae_vaults_network_quincunx_subvault],
          nicolae_vaults_network_barrier, nicolae_vaults_branching_niches,
          dpeg_vaults_monster_box, v_misc_18, nicolae_vaults_network_square,
          nicolae_vaults_windows_and_doors_thing, grunt_vaults_hallway_short,
          grunt_vaults_focal, v_misc_24, vaults_dpeg_ring,
          layout_vaults_maze_snakey
Vaults:5

Skill      XL: |  1  2  3  4  5  6  7  8  9 10 11 12 13 14 15 16 17 18 19 20 21 22 |
---------------+-------------------------------------------------------------------+-----
Axes           | 3 4 5 6 8 9 10 12 14 16 18 | 18.0
Invocations    | 1 4 6 8 12 14 15 17 18 19 20 21 | 21.3
Fighting       | 4 5 7 10 11 13 14 15 17 18 | 18.8
Dodging        | 1 2 4 5 6 7 8 9 10 | 10.1
Armour         | 4 7 9 12 14 15 16 17 18 19 20 | 20.3
Shields        | 4 7 9 10 12 13 14 15 16 17 | 17.4
Throwing       | 1 6 |  6.0
Evocations     | 5 10 13 | 13.0

Action                   |  1- 3 |  4- 6 |  7- 9 | 10-12 | 13-15 | 16-18 | 19-21 | 22-24 || total
-------------------------+-------+-------+-------+-------+-------+-------+-------+-------++-------
Melee: War axe           |   106 |   138 |   291 |   446 |   182 |       |       |       ||  1163
       Broad axe         |       |       |       |       |   765 |  1267 |   800 |   313 ||  3145
Throw: Dart              |       |       |       |    13 |    10 |    11 |       |       ||    34
Invok: Draw Destruction  |       |       |     7 |    10 |    21 |    21 |    16 |     2 ||    77
       Draw Summoning    |       |       |     2 |     4 |    19 |    15 |     9 |     4 ||    53
       Stack Five        |       |       |       |       |     1 |       |       |       ||     1
       Draw Escape       |       |       |       |       |     2 |     1 |       |     3 ||     6
       Draw Stack        |       |       |       |       |     1 |     4 |       |       ||     5
       Deal Four         |       |       |       |       |       |     4 |       |     4 ||     8
       Triple Draw       |       |       |       |       |       |       |     1 |     1 ||     2
Evoke: Wand              |       |       |     2 |    30 |    12 |     5 |    10 |     2 ||    61
       Tin of tremorston |       |       |       |       |       |       |     2 |     2 ||     4
  Use: Scroll            |       |     4 |     2 |     6 |    15 |    15 |     2 |     4 ||    48
       Potion            |       |       |     1 |     1 |       |     3 |     4 |    14 ||    23
 Stab: Paralysed         |       |       |       |     4 |     5 |       |       |       ||     9
       Distracted        |       |       |       |     1 |     5 |     3 |     3 |     2 ||    14
       Sleeping          |       |       |       |     1 |       |       |       |       ||     1
Armor: Scale mail        |    38 |       |       |       |    53 |       |       |       ||    91
       Chain mail        |    38 |    76 |   121 |    36 |       |       |       |       ||   271
       Acid dragon scale |       |       |       |    50 |       |       |       |       ||    50
       Plate armour      |       |       |       |    56 |   519 |   517 |       |       ||  1092
       Crystal plate arm |       |       |       |       |       |    34 |   631 |   300 ||   965
Dodge: Dodged            |    28 |    39 |    95 |   141 |   333 |   523 |   351 |   147 ||  1657
Block: Buckler           |    25 |    20 |    62 |    85 |   187 |       |       |       ||   379
       Kite shield       |       |       |       |       |   230 |   841 |   640 |   286 ||  1997
       Reflection        |       |       |       |       |    21 |     5 |       |       ||    26

Table legend: (Time is in decaauts)
 A = Elapsed time spent in this place.
 B = Non-inter-level travel time spent in this place.
 C = Inter-level travel time spent in this place.
 D = Time resting spent in this place.
 E = Time spent auto-exploring this place.
 F = Levels seen in this place.
 G = Mean time per level.
                   A        B        C        D        E       F      G
               +--------+--------+--------+--------+--------+-----+--------+
         Total |  48771 |  45425 |   3346 |  10875 |  25208 |  37 | 1318.1 |
       Dungeon |  17793 |  16252 |   1541 |   2513 |  11132 |  15 | 1186.2 |
        Temple |    115 |    106 |      9 |      0 |     89 |   1 |  115.0 |
          Lair |  14305 |  13560 |    745 |   6262 |   5190 |   6 | 2384.2 |
         Swamp |   3744 |   3532 |    212 |    339 |   1776 |   4 |  936.0 |
     Snake Pit |   4824 |   4580 |    244 |    496 |   2879 |   4 | 1206.0 |
  Orcish Mines |   2329 |   2094 |    235 |    763 |    859 |   2 | 1164.5 |
        Vaults |   5659 |   5301 |    358 |    501 |   3282 |   5 | 1131.8 |
               +--------+--------+--------+--------+--------+-----+--------+

Top non-repeatable levels by time:
  Lair:5: 3929 daAuts
  Lair:6: 3258 daAuts
     D:9: 2000 daAuts
  Lair:3: 1999 daAuts
  Lair:4: 1770 daAuts
Vaults:4: 1762 daAuts
  Lair:1: 1734 daAuts
     D:8: 1686 daAuts
  Lair:2: 1612 daAuts
 Swamp:4: 1537 daAuts
    D:11: 1511 daAuts
     D:2: 1472 daAuts
Vaults:2: 1465 daAuts
     D:1: 1429 daAuts
 Snake:1: 1423 daAuts
